 Dungeon Crawl Stone Soup version 0.16.2-3-ga078185 (webtiles) character file.

2028 Bolverk the Shield-Bearer (level 9, -14/74 HPs)
             Began as a Minotaur Hunter on Sept 9, 2015.
             Was an Initiate of Okawaru.
             Engulfed by a cloud of flame (22 damage)
             ... on level 6 of the Dungeon.
             The game lasted 00:15:42 (5639 turns).

Bolverk the Shield-Bearer (Minotaur Hunter)         Turns: 5639, Time: 00:15:42

Health: -14/74     AC: 16    Str: 17    XL:     9   Next: 3%
Magic:  4/4        EV:  5    Int:  8    God:    Okawaru [......]
Gold:   402        SH: 10    Dex: 14    Spells: 0 memorised, 8 levels left

rFire  . . .     SeeInvis .     a - +2 trident (venom)
rCold  . . .     Clarity  .     K - +0 plate armour
rNeg   . . .     SustAb   .     o - +0 shield
rPois  .         Gourm    .     (helmet restricted)
rElec  .         Spirit   .     x - +0 cloak
rCorr  +         Warding  .     v - +0 pair of gloves
rMut   .         Stasis   .     r - +0 pair of boots
MR     .....                    j - amulet of resist corrosion
Stlth  ..........               u - ring of stealth
                                l - ring of stealth

@: not resistant to hostile enchantments, extremely unstealthy
A: retaliatory headbutt, horns 2
a: Renounce Religion


You were on level 6 of the Dungeon.
You worshipped Okawaru.
Okawaru was noncommittal.
You were not hungry.

You visited 1 branch of the dungeon, and saw 6 of its levels.

You collected 402 gold pieces.

Inventory:

Hand weapons
 a - a +2 trident of venom (weapon)
 b - a +1 hunting sling
 q - a +2 quarterstaff of chaos
 J - a +0 dire flail
 W - a +0 blowgun
Missiles
 c - 28 sling bullets
 i - 245 stones
 m - a throwing net
 y - 13 tomahawks
 F - 12 javelins (quivered)
 U - 15 poisoned needles
Armour
 o - a +0 shield (worn)
 r - a +0 pair of boots (worn)
 v - a +0 pair of gloves (worn)
 x - a +0 cloak (worn)
 K - a +0 plate armour (worn)
Magical staves
 p - an uncursed staff of power
 Q - an uncursed staff of wizardry
Jewellery
 j - an amulet of resist corrosion (around neck)
 l - a ring of stealth (left hand)
 u - a ring of stealth (right hand)
Magical devices
 P - a wand of frost (12)
 S - a wand of paralysis (4)
 V - a wand of cold (8)
Scrolls
 d - 6 scrolls of magic mapping
 h - a scroll of blinking {unknown}
 k - 2 scrolls of recharging
 s - a scroll of noise {unknown}
 z - a scroll of enchant weapon {unknown}
 A - a scroll of fear
 D - a scroll of remove curse
 E - 2 scrolls of enchant armour {unknown}
 L - a scroll of amnesia {unknown}
 N - a scroll of fog {unknown}
Potions
 e - 2 potions of curing
 n - 2 potions of heal wounds
 t - a potion of haste {unknown}
 B - a potion of cancellation {unknown}
 C - a potion of resistance {unknown}
 G - a potion of mutation {unknown}
 I - a potion of restore abilities {unknown}
 O - a potion of poison {unknown}
 R - a potion of invisibility {unknown}
Books
 M - a Necronomicon {highlevel, unknown}

   This book is beyond your current level of understanding.

   Spells                             Type                      Level
   a - Haunt                          Necromancy/Summoning         7
   b - Borgnjor's Revivification      Necromancy                   8
   c - Death's Door                   Charms/Necromancy            8
   d - Necromutation                  Transmutation/Necromancy     8
Comestibles
 f - 6 bread rations
 g - 2 meat rations
 w - 3 beef jerkies
 H - 2 chunks of flesh
 T - 2 fruits


   Skills:
 + Level 5.4 Fighting
 + Level 5.7 Polearms
 + Level 6.5(6.7) Slings
 + Level 1.8(4.2) Throwing
 + Level 6.1 Armour
 + Level 3.6 Dodging
 - Level 0.8 Stealth
 * Level 7.2 Shields


You had 8 spell levels left.
You didn't know any spells.

Dungeon Overview and Level Annotations

Branches:
Dungeon (6/15)
 Temple: D:4-7

Altars:
Ashenzari
Nemelex Xobeh
Okawaru
Zin
The Shining One


Innate Abilities, Weirdness & Mutations

You reflexively headbutt those who attack you in melee.
You have a pair of horns on your head.


Message History

Some of the chunks of flesh in your inventory have rotted away.
You are engulfed in roaring flames.
Really walk into that cloud of flame?
You are engulfed in roaring flames.
T - 2 fruits You see here a blowgun.
U - 15 poisoned needles
V - a wand of cold Really walk into a travel-excluded area?
w - 3 beef jerkies (gained 1)
You see here a blowgun.
W - a blowgun Really walk into a travel-excluded area?
You are engulfed in roaring flames.
* * * LOW HITPOINT WARNING * * *
Some of the chunks of flesh in your inventory have rotted away.
You are engulfed in roaring flames.
* * * LOW HITPOINT WARNING * * *
You are engulfed in roaring flames.
You die...

##.#)....#..
########...#...##.
#.........##)#....
#.##########.#....
########.# ###.#....
#........# ##...##..#
#.######.## #.)####...
#.# #...# ##.## ##.# #.#
#§@§# #..# ##... #.#
#§§§# #### ##.... #.#
#§§§# ###.....
#.#####...########....._.
#..§.§.....§§§.....#.....
#...§§.....§§...#####....
##.§§§.....§§§..# ##...
######...#####.# ##.#
#§§§# #.# #..


There were no monsters in sight!

Vanquished Creatures
  The ghost of Bolverk the Ducker, an experienced MiGl (D:5)
  2 orc warriors (D:6)
  A wasp (D:6)
  A sky beast (D:6)
  A phantom (D:6)
  3 ogres
  A giant frog (D:6)
  2 scorpions (D:4)
  A jelly (D:6)
  A quasit (D:5)
  2 crimson imps
  An orc priest (D:6)
  A gnoll shaman (D:4)
  Crazy Yiuf (D:3)
  2 hounds
  A centaur skeleton (D:4)
  3 orc wizards
  2 worker ants
  2 iguanas (D:5)
  3 hound skeletons
  6 adders
  5 gnolls
  2 giant mites
  2 shadow imps (D:5)
  5 worms
  3 giant geckos
  An ooze (D:6)
  12 orcs
  2 ball pythons (D:2)
  2 bat skeletons
  4 giant cockroaches
  12 hobgoblins
  11 jackals (D:1)
  7 bats
  5 giant newts
  13 goblins
  11 kobolds
  2 quokkas
  13 rats
150 creatures vanquished.

Vanquished Creatures (others)
  2 worker ants (D:6)
  A shadow imp (D:6)
3 creatures vanquished.

Grand Total: 153 creatures vanquished

Notes
Turn   | Place    | Note
--------------------------------------------------------------
     0 | D:1      | Bolverk, the Minotaur Hunter, began the quest for the Orb.
     0 | D:1      | Reached XP level 1. HP: 18/18 MP: 1/1
   111 | D:1      | Reached XP level 2. HP: 25/25 MP: 1/1
   118 | D:1      | Reached skill level 5 in Slings
   283 | D:1      | Reached XP level 3. HP: 30/30 MP: 2/2
   929 | D:2      | Found a sparkling altar of Nemelex Xobeh.
  1232 | D:2      | Reached XP level 4. HP: 30/37 MP: 2/2
  1312 | D:2      | Reached skill level 6 in Slings
  1958 | D:3      | Found a glowing golden altar of the Shining One.
  2190 | D:3      | Reached skill level 1 in Armour
  2496 | D:3      | Reached XP level 5. HP: 42/44 MP: 2/2
  2591 | D:3      | Noticed Crazy Yiuf
  2605 | D:3      | Killed Crazy Yiuf
  2605 | D:3      | Reached skill level 1 in Shields
  2898 | D:3      | Reached skill level 1 in Polearms
  3116 | D:4      | Noticed an ogre
  3123 | D:4      | Killed an ogre
  3123 | D:4      | Reached XP level 6. HP: 45/50 MP: 3/3
  3695 | D:4      | Reached skill level 1 in Throwing
  3695 | D:4      | Reached XP level 7. HP: 53/57 MP: 3/3
  3829 | D:5      | Entered Level 5 of the Dungeon
  3932 | D:5      | Noticed Bolverk's ghost (experienced MiGl)
  3952 | D:5      | Killed Bolverk's ghost
  3952 | D:5      | Reached skill level 5 in Shields
  4169 | D:5      | Reached XP level 8. HP: 50/67 MP: 3/3
  4607 | D:5      | Reached skill level 5 in Armour
  4738 | D:6      | Found a glowing silver altar of Zin.
  4918 | D:6      | Reached skill level 5 in Polearms
  5014 | D:6      | Reached skill level 5 in Fighting
  5079 | D:6      | Reached skill level 7 in Shields
  5409 | D:6      | Reached XP level 9. HP: 71/74 MP: 4/4
  5456 | D:6      | Found a shattered altar of Ashenzari.
  5456 | D:6      | Found an iron altar of Okawaru.
  5460 | D:6      | Became a worshipper of Warmaster Okawaru
  5639 | D:6      | Engulfed by a cloud of flame

Action                   |  1- 3 |  4- 6 |  7- 9 || total
-------------------------+-------+-------+-------++-------
Melee: Short sword       |     5 |       |       ||     5
       Trident           |    22 |   167 |   206 ||   395
 Fire: Hunting sling     |   125 |    14 |       ||   139
Throw: Javelin           |       |    10 |     7 ||    17
       Stone             |       |     3 |       ||     3
Evoke: Wand              |       |       |     5 ||     5
  Use: Scroll            |     1 |     9 |       ||    10
       Potion            |       |       |     1 ||     1
  Eat: Chunk             |     1 |     8 |     5 ||    14
       Pizza             |       |       |     1 ||     1
